 Dungeon Crawl Stone Soup version 0.31-a0-430-gf8416d752b (console) character file.

Game seed: 12367544209500475737

48 Lexodia the Vexing (level 3, -3/22 HPs)
             Began as a Felid Enchanter on July 31, 2023.
             Killed from afar by Sigmund (7 damage)
             ... with a puff of flame
             ... on level 3 of the Dungeon.
             The game lasted 00:04:25 (1300 turns).

Lexodia the Vexing (Felid Enchanter)                Turns: 1300, Time: 00:04:25

Health: -3/22      AC: 21    Str:  4    XL:     3   Next: 50%
Magic:  4/7        EV:  4    Int: 18    God:
Gold:   45         SH:  0    Dex: 16    Spells: 4/6 levels left
                                        Lives:  0   Deaths: 0

rFire   . .          .
                       - Unarmed
rCold   . . .        (shield unavailable)
rNeg    . . .        (body armour unavailable)
rPois   +            (helmet unavailable)
rElec   .            (cloak unavailable)
rCorr   .            (gloves unavailable)
SInv    +            (boots unavailable)
Will    .....        (no amulet)
Stlth   +++          f - ring of wizardry
HPRegen 0.23/turn    (no ring)
MPRegen 0.10/turn

%: wizardry (x1)
@: mighty, brilliant, tree-form, hasted, very quick
A: stationary, stasis, torment immunity, boosted hp, very small, (claws 1),
(fangs 3), see invisible, (speed 1), (shaggy fur 1), (stealthy paws), no weapons
or thrown items, no armour, multi-lived
a: no special abilities


You were on level 3 of the Dungeon.
You were a tree.
You visited 1 branch of the dungeon, and saw 3 of its levels.

You collected 45 gold pieces.

Inventory:

Jewellery
 f - a ring of wizardry (left branch)
Wands
 h - a wand of polymorph (11)
Scrolls
 e - a scroll of immolation {unknown}
 g - a scroll of teleportation {unknown}
 j - a scroll of revelation {unknown}
Potions
 a - 2 potions of invisibility
 b - a potion of haste
 c - a potion of brilliance


   Skills:
 + Level 1.0 Fighting
 - Level 3.0 Dodging
 + Level 4.4 Stealth
 * Level 2.1 Unarmed Combat
 + Level 2.1 Spellcasting
 + Level 4.9 Hexes


You had 4 spell levels left.
You knew the following spells:

 Your Spells              Type           Power      Damage    Failure   Level
a - Ensorcelled Hibernat  Hex/Ice        32%        N/A       4%          2

Your spell library contained the following spells:

 Spells                   Type           Power      Damage    Failure   Level
 Confusing Touch          Hex            29%        N/A       2%          3
 Tukima's Dance           Hex            29%        N/A       2%          3
 Dazzling Flash           Conj/Hex       32%        N/A       8%          3
 Fulminant Prism          Conj/Hex       8%         3d7       26%         4
 Agony                    Necr           2%         N/A       86%         5
 Borgnjor's Vile Clutch   Necr/Erth      1%         N/A       86%         5
 Simulacrum               Ice/Necr       1%         N/A       100%        6


Dungeon Overview and Level Annotations

Branches:
Dungeon (3/15)

Altars:
Okawaru

Annotations:
D:2 Robin
D:3 Sigmund


Innate Abilities, Weirdness & Mutations

You are a tree.
Your roots penetrate the ground, keeping you stationary.
You cannot be teleported.
You are immune to unholy pain and torment.
Your maximum health is greatly increased.
((You have sharp claws.))
((You have razor-sharp teeth.))
You have supernaturally acute eyesight. (SInv)
((You cover ground quickly. (Speed+)))
((You are covered in fur. (AC +1)))
((Your paws help you pounce on unaware monsters.))
You are incapable of wielding weapons or throwing items.
You cannot wear armour.
You gain extra lives every three experience levels.


Message History

You bump into the rock wall.
The frilled lizard bites you.
Damage: -13%(-2hp) hp: 67%(10hp) It was a potion of haste.
You feel yourself speed up. The frilled lizard misses you.
Sigmund closely misses you.
It was a potion of brilliance.
You feel clever all of a sudden. The frilled lizard closely misses you.
It was a potion of heal wounds.
You feel much better.
You feel less confused. Sigmund closely misses you.
You completely miss the frilled lizard. The frilled lizard bites you.
Damage: -20%(-3hp) hp: 80%(12hp)
You scratch the frilled lizard.
You kill the frilled lizard!
Sigmund closely misses you.
You see here a frilled lizard corpse.
Casting: Ensorcelled Hibernation (safe; 4% risk of failure)
Confirm with . or Enter, or press ? or * to list all spells.
Okay, then.
Casting: Ensorcelled Hibernation (safe; 4% risk of failure)
Confirm with . or Enter, or press ? or * to list all spells.
Aiming: Ensorcelled Hibernation (safe; 4% risk of failure)
Press: ? - help, Shift-Dir - straight line, f - you, p - Sigmund
Okay, then.
Unknown command.
You barely miss Sigmund.
Sigmund is heavily wounded.
Sigmund hits you with a +0 scythe!
Ouch! That really hurt!
* * * LOW HITPOINT WARNING * * *
Huge Dmg: -60%(-9hp) hp: 20%(3hp) It was a potion of lignification.
You turn into a tree.
Your roots penetrate the ground.
It was a potion of might.
You feel very mighty all of a sudden.
You hit Sigmund.
Sigmund is severely wounded.
Sigmund casts a spell at you. The puff of flame hits you!
You die...

.. <.#. ... ########
..### .......# ....
######.############.##
#..........♣@...#
#############...##
#.....# .r.....†..#
#####.....# ##...##
###.# .. ###


You could see Sigmund.

Vanquished Creatures
  An adder (D:2)
  A worm (D:2)
  A dart slug (D:1)
  3 ball pythons
  4 bats
  3 endoplasms
  2 giant cockroaches (D:1)
  A hobgoblin (D:2)
  4 jackals (D:2)
  A quokka (D:2)
  A frilled lizard (D:3)
  5 goblins
  2 kobolds
  5 rats
34 creatures vanquished.

Notes
Turn   | Place    | Note
-------+----------+-------------------------------------------
     0 | D:1      | Lexodia the Felid Enchanter began the quest for the Orb.
     0 | D:1      | Reached XP level 1. HP: 7/7 MP: 4/4
   135 | D:1      | Huge Dmg: 2 dmg
   222 | D:1      | Got the Book of Mortuary Bad Luck
   240 | D:1      | Huge Dmg: 4 dmg
   242 | D:1      | Huge Dmg: 1 dmg
   243 | D:1      | Huge Dmg: 1 dmg
   245 | D:1      | Reached XP level 2. HP: 2/11 MP: 6/6
   288 | D:1      | Learned a level 2 spell: Ensorcelled Hibernation
   481 | D:1      | Huge Dmg: 4 dmg
   482 | D:1      | Huge Dmg: 2 dmg
   617 | D:2      | Huge Dmg: 7 dmg
   813 | D:2      | Reached XP level 3. HP: 15/15 MP: 7/7
  1086 | D:2      | Reached skill level 1 in Fighting
  1089 | D:2      | Noticed Robin
  1140 | D:2      | Huge Dmg: 3 dmg
  1177 | D:3      | Found an iron altar of Okawaru.
  1181 | D:3      | Identified the +2 leather armour of the Ecumenical Temple
                  | {rF+++ Will- Regen+ Dex+2}
  1275 | D:3      | Noticed Sigmund
  1281 | D:3      | Huge Dmg: 5 dmg
  1298 | D:3      | Huge Dmg: 9 dmg
  1300 | D:3      | Killed from afar by Sigmund

Illustrated notes

Levels and vault maps discovered:
D:1:      wheals_arrival_shading, layout_basic,
          shapermc_ecumenical_altar_pompeii
D:2:      minmay_razor_zed, layout_loops_ring, minivault_23, uniq_robin
D:3:      minmay_chambers_of_twos, layout_loops_ring, okawaru_trees_1,
          uniq_sigmund

Skill      XL: |  1  2  3 |
---------------+----------+-----
Dodging        | 3 |  3.0
Unarmed Combat | 2 |  2.1
Fighting       | 1 |  1.0
Stealth        | |  4.4
Spellcasting   | |  2.1
Hexes          | |  4.9

Action                     || total
---------------------------++-------
  Melee: Unarmed           ||    76
         Bite              ||     7
         Punch             ||     1
   Cast: Ensorcelled Hiber ||    25
    Use: Potion            ||     5
   Stab: Sleeping          ||    18
 Armour: Skin              ||     2
  Dodge: Dodged            ||    72

Table legend: (Time is in decaauts)
 A = Elapsed time spent in this place.
 B = Non-inter-level travel time spent in this place.
 C = Inter-level travel time spent in this place.
 D = Time resting spent in this place.
 E = Time spent auto-exploring this place.
 F = Levels seen in this place.
 G = Mean time per level.
                   A        B        C        D        E       F      G
               +--------+--------+--------+--------+--------+-----+--------+
         Total |   1164 |   1160 |      4 |    184 |    639 |   3 |  388.0 |
       Dungeon |   1164 |   1160 |      4 |    184 |    639 |   3 |  388.0 |
               +--------+--------+--------+--------+--------+-----+--------+

Top non-repeatable levels by time:
     D:2: 583 daAuts
     D:1: 474 daAuts
     D:3: 106 daAuts
